 Dungeon Crawl Stone Soup version 0.24-a0-479-g9a978d2894 (webtiles) character file.

Game seed: 13030493877110410515

158 pk666 the Magician (level 5, 0/28 HPs)
             Began as a Deep Elf Wizard on July 7, 2019.
             Slain by a worm (9 damage)
             ... on level 4 of the Dungeon.
             The game lasted 00:06:01 (4066 turns).

pk666 the Magician (Deep Elf Wizard)                Turns: 4066, Time: 00:06:01

Health: 0/28       AC:  2    Str:  4    XL:     5   Next: 16%
Magic:  10/14      EV: 17    Int: 24    God:
Gold:   224        SH:  0    Dex: 13    Spells: 5/14 levels left

rFire    . . .     SeeInvis .   l - +1 dagger (speed)
rCold    . . .     Gourm    .   (no shield)
rNeg     . . .     Faith    .   a - +0 robe
rPois    .         Spirit   .   b - +0 hat
rElec    .         Reflect  .   (no cloak)
rCorr    .         Harm     .   (no gloves)
MR       .....                  (no boots)
Stlth    ++........             (no amulet)
HPRegen  0.09/turn              n - ring of flight
MPRegen  0.14/turn              o - +4 ring of evasion

@: no status effects
A: no striking features
a: Evoke Flight


You were on level 4 of the Dungeon.
You were very hungry.

You visited 1 branch of the dungeon, and saw 4 of its levels.

You collected 224 gold pieces.

Inventory:

Hand Weapons
 l - a +1 dagger of speed (weapon)
Armour
 a - a +0 robe (worn)
 b - a +0 hat (worn)
Jewellery
 n - a ring of flight (left hand)
 o - a +4 ring of evasion (right hand)
Scrolls
 c - 4 scrolls of remove curse {unknown}
 e - 5 scrolls of teleportation {unknown}
 f - 2 scrolls of fog {unknown}
 g - a scroll of magic mapping {unknown}
 i - a scroll of enchant armour {unknown}
 s - 4 scrolls of identify {unknown}
 t - a scroll of random uselessness {unknown}
Potions
 h - a potion of berserk rage {unknown}
 j - a potion of agility {unknown}
 k - 4 potions of curing {unknown}
 m - a potion of magic {unknown}
 p - a potion of degeneration {unknown}
 q - a potion of experience {unknown}
Comestibles
 d - 9 rations


   Skills:
 - Level 3.1 Dodging
 - Level 2.4 Stealth
 + Level 5.4 Spellcasting
 + Level 2.6 Conjurations
   Level 1.1 Summonings
 + Level 2.1 Translocations
 + Level 1.5 Fire Magic
 + Level 1.1 Air Magic
 + Level 1.2 Poison Magic


You had 5 spell levels left.
You knew the following spells:

 Your Spells              Type           Power        Failure   Level  Hunger
a - Magic Dart            Conj           ###.         2%          1    None
b - Blink                 Tloc           N/A          5%          2    None
c - Conjure Flame         Conj/Fire      ###.....     11%         3    #......
d - Mephitic Cloud        Conj/Pois/Air  ##......     13%         3    #......

Your spell library contained the following spells:

 Spells                   Type           Power        Failure   Level  Hunger
 Call Imp                 Summ           ##......     9%          2    None
 Slow                     Hex            #.......     13%         2    None


Dungeon Overview and Level Annotations

Branches:
Dungeon (4/15)
 Temple: D:4-7

Altars:


Message History

Confirm with . or Enter, or press ? or * to list all spells.
Aiming: Magic Dart (safe; 2% risk of failure)
Press: ? - help, Shift-Dir - straight line, f/p - worm
Aim: a worm (lightly wounded)
The magic dart hits the worm.
The worm is moderately wounded.
You hit the worm.
The worm is moderately wounded.
The worm bites you!
You hit the worm.
The worm is heavily wounded.
Casting: Magic Dart (safe; 2% risk of failure)
Confirm with . or Enter, or press ? or * to list all spells.
Aiming: Magic Dart (safe; 2% risk of failure)
Press: ? - help, Shift-Dir - straight line, f/p - worm
Aim: a worm (heavily wounded)
The magic dart hits the worm but does no damage.
The worm is heavily wounded.
The worm bites you!
You die...

# .#. ##...
..... .....#
#########.....#
......w.......#
.......@.......
..............#
..............#
.....!$.......#
...######..)$.#
.. ###### .


You could see a worm.

Vanquished Creatures
  A hound (D:3)
  3 adders
  An ooze (D:3)
  2 worms
  A dart slug (D:1)
  2 leopard geckos
  5 orcs (D:3)
  A ball python (D:1)
  4 giant cockroaches (D:1)
  9 goblins
  5 hobgoblins
  4 jackals (D:2)
  11 kobolds
  2 quokkas
  10 bats
  4 frilled lizards
  13 rats
78 creatures vanquished.

Notes
Turn   | Place    | Note
-------+----------+-------------------------------------------
     0 | D:1      | pk666 the Deep Elf Wizard began the quest for the Orb.
     0 | D:1      | Reached XP level 1. HP: 10/10 MP: 7/7
   253 | D:1      | Reached XP level 2. HP: 15/15 MP: 7/9
   872 | D:1      | Reached skill level 5 in Spellcasting
   873 | D:1      | Reached XP level 3. HP: 19/19 MP: 0/11
  1191 | D:2      | Learned a level 2 spell: Blink
  1195 | D:2      | Learned a level 3 spell: Conjure Flame
  1199 | D:2      | Learned a level 3 spell: Mephitic Cloud
  2256 | D:2      | Reached XP level 4. HP: 24/24 MP: 9/13
  2586 | D:3      | Reached skill level 1 in Fire Magic
  2884 | D:3      | Reached skill level 1 in Poison Magic
  3268 | D:3      | Reached skill level 1 in Air Magic
  3986 | D:3      | Reached XP level 5. HP: 22/28 MP: 3/14
  4066 | D:4      | Slain by a worm

Levels and vault maps discovered:
D:1:      dpeg_arrival_ratfight, layout_loops_cross
D:2:      layout_loops_cross
D:3:      layout_basic, chequers_big_river, minmay_close_crescents
D:4:      layout_basic, uniq_eustachio

Skill      XL: |  1  2  3  4 |
---------------+-------------+-----
Dodging        | 3 |  3.1
Conjurations   | 2 |  2.6
Spellcasting   | 5 |  5.4
Fire Magic     | 1 |  1.5
Poison Magic   | 1 |  1.2
Air Magic      | 1 |  1.1
Translocations | 2 |  2.1
Stealth        | |  2.4
Summonings     | |  1.1

Action                   |  1- 3 |  4- 6 || total
-------------------------+-------+-------++-------
Melee: Dagger            |     3 |     3 ||     6
 Cast: Magic Dart        |   107 |    98 ||   205
  Eat: Chunk             |     4 |     4 ||     8
Armor: Robe              |     1 |     2 ||     3
Dodge: Dodged            |     4 |    24 ||    28

Table legend:
 A = Non-vault XP
 B = Vault XP
 C = Vault XP percentage of total XP
 D = Non-vault monster count
 E = Vault monster count
 F = Vault count percentage of total count
                 A         B        C        D         E       F
            +---------+---------+-------+---------+---------+-------
      Total |     215 |      11 |   4.9 |      71 |       7 |   9.0
            +---------+---------+-------+---------+---------+-------
        D:1 |      39 |       5 |  11.4 |      21 |       5 |  19.2
        D:2 |      62 |       0 |   0.0 |      29 |       0 |   0.0
        D:3 |     114 |       6 |   5.0 |      21 |       2 |   8.7
            +---------+---------+-------+---------+---------+-------
